 Dungeon Crawl Stone Soup version 0.17-a0-1805-g6093636 (webtiles) character file.

751 wvc the Changer (level 7, -1/52 HPs)
             Began as a Yellow Draconian Transmuter on Sept 12, 2015.
             Succumbed to a centaur's poison
             ... on level 5 of the Dungeon.
             The game lasted 00:11:27 (4532 turns).

wvc the Changer (Yellow Draconian Transmuter)       Turns: 4532, Time: 00:11:28

Health: -1/52      AC:  8    Str: 12    XL:     7   Next: 49%
Magic:  13/14      EV: 12    Int: 15    God:
Gold:   204        SH:  0    Dex: 12    Spells: 4 memorised, 2 levels left

rFire  . . .     SeeInvis +       - Unarmed
rCold  . . .     Clarity  .     (armour unavailable)
rNeg   . . .     SustAt   .     (no shield)
rPois  .         Gourm    .     (helmet restricted)
rElec  .         Spirit   .     h - +1 cloak
rCorr  +         Warding  .     (no gloves)
rMut   .         Stasis   .     (boots currently unavailable)
MR     .....                    (no amulet)
Stlth  +.........               (no ring)
                                s - ring of see invisible

@: lethally poisoned (-1 -> -27), short of breath, appendage, not resistant to
hostile enchantments, very unstealthy
A: spit acid, acid resistance, unfitting armour, talons 3, cold-blooded, AC +6
a: Spit Acid, End Transformation


You were on level 5 of the Dungeon.
You were not hungry.
You had grown temporary talons.
You visited 1 branch of the dungeon, and saw 5 of its levels.

You collected 204 gold pieces.

Inventory:

Hand weapons
 q - a +0 blowgun
Missiles
 a - 62 arrows
 m - 29 poisoned needles
Armour
 h - a +1 cloak (worn)
Jewellery
 s - a ring of see invisible (left hand)
Magical devices
 j - a wand of slowing (24)
 r - a wand of random effects (19)
Scrolls
 e - a scroll of remove curse
 f - 4 scrolls of recharging
 p - a scroll of blinking
Potions
 i - a potion of invisibility
 k - a potion of brilliance
 n - 2 potions of might
 o - 2 potions of curing {unknown}
Books
 b - a book of Changes

   Spells                             Type                      Level
   a - Beastly Appendage              Transmutation                1
   b - Sticks to Snakes               Transmutation                2
   c - Spider Form                    Transmutation/Poison         3
   d - Ice Form                       Ice/Transmutation            4
   e - Blade Hands                    Transmutation                5
Comestibles
 c - 4 bread rations
 d - a meat ration
 g - 4 chunks of flesh


   Skills:
 - Level 1.1 Fighting
 - Level 1.7 Dodging
 - Level 3.0 Unarmed Combat
 + Level 4.7 Spellcasting
 * Level 6.5 Transmutations
 * Level 1.1 Ice Magic
 - Level 2.0 Poison Magic


You had 2 spell levels left.
You knew the following spells:

 Your Spells              Type           Power        Failure   Level  Hunger
a - Beastly Appendage     Trmt           ###...       1%          1    None
b - Spider Form           Trmt/Pois      ###.......   12%         3    ###....
c - Ice Form              Ice/Trmt       ###.....     34%         4    ####...
d - Blade Hands           Trmt           ###.......   34%         5    ######.


Dungeon Overview and Level Annotations

Branches:
Dungeon (5/15)
 Temple: D:4-7

Altars:


Innate Abilities, Weirdness & Mutations

You can spit globs of acid.
You are resistant to acid.
Your golden yellow scales are hard (AC +6).
Your body does not fit into most forms of armour.
You are cold-blooded and may be slowed by cold attacks.
You have claws for feet.


Message History

The centaur shoots a poisoned arrow.
The poisoned arrow hits you but does no damage.
You are more poisoned.
* * * LOW HITPOINT WARNING * * *
You feel sick.
The centaur unwields an uncursed shortbow.
The centaur hits you but does no damage.
You closely miss the centaur. Your kick misses the centaur.
The centaur is lightly wounded.
* * * LOW HITPOINT WARNING * * *
You feel very sick. The centaur misses you. The centaur hits you.
* * * LOW HITPOINT WARNING * * *
You hit the centaur. You claw the centaur.
The centaur is moderately wounded.
* * * LOW HITPOINT WARNING * * *
You feel sick. The centaur barely misses you.
You closely miss the centaur.
The centaur is moderately wounded.
You die...

## ..<..#..# ..# #.# ##..
#.......# #..# #.# ##..# #..
#...# ..# #.## #...##..
#...# ##.# #..# #......#
##...#####.# ##..###.....#
##..#..##..##
###...........###..###....##
...<............c.## ##...#
..............()@## #...#
##.....รท........)(## #####
######........#.#.###
#.)....######..# ##....##
#..# #.....######.##
#.....O......#
##..#...####### ##..##..##


You could see a centaur.

Vanquished Creatures
  Sigmund (D:5)
  A water moccasin (D:5)
  An ogre (D:5)
  4 hounds
  A crimson imp (D:5)
  A giant frog skeleton (D:4)
  An iguana (D:4)
  Jessica (D:3)
  A worker ant (D:4)
  4 adders
  A gnoll (D:1)
  An ooze (D:3)
  5 worms
  3 giant geckos
  8 orcs
  4 giant cockroaches
  9 hobgoblins
  6 jackals
  7 kobolds
  2 quokkas
  A ball python (D:1)
  4 bats
  A giant cockroach zombie (D:5)
  A giant newt (D:1)
  10 goblins
  A jackal skeleton (D:3)
  9 rats
89 creatures vanquished.

Notes
Turn   | Place    | Note
--------------------------------------------------------------
     0 | D:1      | wvc the Draconian Transmuter began the quest for the Orb.
     0 | D:1      | Reached XP level 1. HP: 16/16 MP: 3/3
    62 | D:1      | Reached XP level 2. HP: 23/23 MP: 3/5
   679 | D:1      | Reached XP level 3. HP: 21/28 MP: 6/6
  1220 | D:2      | Learned a level 3 spell: Spider Form
  1659 | D:2      | Reached XP level 4. HP: 25/35 MP: 8/8
  2128 | D:3      | Reached skill level 4 in Transmutations
  2403 | D:3      | Reached XP level 5. HP: 25/40 MP: 9/9
  2774 | D:3      | Noticed Jessica
  2797 | D:3      | Killed Jessica
  2797 | D:3      | Reached skill level 1 in Poison Magic
  3352 | D:4      | Reached skill level 5 in Transmutations
  3475 | D:4      | Reached XP level 6. HP: 25/47 MP: 8/11
  3726 | D:5      | Entered Level 5 of the Dungeon
  3734 | D:5      | Noticed Sigmund
  3757 | D:5      | Killed Sigmund
  3972 | D:5      | Your scales start taking on a golden yellow colour.
  3972 | D:5      | Reached XP level 7. HP: 35/52 MP: 13/13
  4142 | D:5      | Learned a level 4 spell: Ice Form
  4148 | D:5      | Learned a level 5 spell: Blade Hands
  4160 | D:5      | Noticed a water moccasin
  4195 | D:5      | Killed a water moccasin
  4195 | D:5      | Reached skill level 6 in Transmutations
  4209 | D:5      | HP: 3/62 [poisoned by a water moccasin]
  4214 | D:5      | HP: 2/62 [poisoned by a water moccasin]
  4221 | D:5      | HP: 2/62 [poisoned by a water moccasin]
  4229 | D:5      | HP: 1/62 [poisoned by a water moccasin]
  4411 | D:5      | Reached skill level 1 in Ice Magic
  4531 | D:5      | HP: 1/52 [poisoned by a centaur]
  4532 | D:5      | Succumbed to a centaur's poison

Vault maps used:
D:1:      dpeg_arrival_stone_temple_mockup
D:3:      uniq_jessica
D:4:      first_bread
D:5:      gammafunk_temple_overflow_wave, uniq_sigmund

Action                   |  1- 3 |  4- 6 |  7- 9 || total
-------------------------+-------+-------+-------++-------
Melee: Unarmed           |   149 |   236 |    40 ||   425
 Cast: Beastly Appendage |    23 |    25 |     3 ||    51
       Spider Form       |       |     6 |     2 ||     8
       Ice Form          |       |       |     1 ||     1
 Abil: Spit Acid         |       |       |     4 ||     4
       End Transformatio |       |       |     1 ||     1
  Use: Scroll            |       |    10 |       ||    10
       Potion            |       |       |     3 ||     3
 Stab: Sleeping          |       |     3 |       ||     3
  Eat: Chunk             |     2 |     5 |     3 ||    10
       Pizza             |     1 |     2 |       ||     3
